 Dungeon Crawl Stone Soup version 0.27-a0-520-gb83adbd1c9 (webtiles) character file.

Game seed: 16595277391075504544

1586 HELP the Basher (level 8, -3/46 HPs)
             Began as a Gargoyle Fighter on May 23, 2020.
             Killed by divine providence
             ... invoked by an orc priest
              (16 damage)
             ... on level 6 of the Dungeon on Mar 4, 2021.
             The game lasted 00:38:09 (5789 turns).

HELP the Basher (Gargoyle Fighter)                  Turns: 5789, Time: 00:38:10

Health: -3/46      AC: 16    Str: 22    XL:     8   Next: 92%
Magic:  8/8        EV:  8    Int:  9    God:
Gold:   309        SH:  4    Dex:  9    Spells: 7/7 levels left

rFire    + . .     SeeInvis .   o - +1 flail (vorpal)
rCold    . . .     Faith    .   j - +0 buckler
rNeg     + . .     Spirit   .   e - +0 chain mail
rPois    ∞         Reflect  .   (no helmet)
rElec    +         Harm     .   E - scarf {+Inv}
rCorr    .         Rampage  .   (no gloves)
Will     .....                  (no boots)
Stlth    ..........             (no amulet)
HPRegen  0.15/turn              y - ring of protection from fire
MPRegen  0.11/turn              (no ring)

@: no status effects
A: negative energy resistance 1, electricity resistance, unbreathing 1,
petrification resistance, miasma immunity, AC +5
a: Evoke Invisibility


You were on level 6 of the Dungeon.
You visited 1 branch of the dungeon, and saw 6 of its levels.

You collected 309 gold pieces.

Inventory:

Hand Weapons
 o - a +1 vorpal flail (weapon)
 v - a +0 hunting sling
 x - a +1 flail of protection
 D - a +1 spectral quarterstaff
Missiles
 k - 4 curare-tipped darts (quivered)
 m - 52 poisoned darts
 t - 27 sling bullets
Armour
 c - a +0 kite shield
 e - a +0 chain mail (worn)
 j - a +0 buckler (worn)
 E - a scarf of invisibility (worn)
Jewellery
 y - a ring of protection from fire (left hand)
Wands
 z - a wand of random effects (30)
 G - a wand of iceblast (14)
Scrolls
 a - 3 scrolls of removedness
 b - a scroll of teleportation {unknown}
 i - 8 scrolls of identify {unknown}
 l - 2 scrolls of amnesia {unknown}
 n - 2 scrolls of enchant armour {unknown}
 p - a scroll of fear {unknown}
 r - 3 scrolls of enchant weapon {unknown}
 A - a scroll of random uselessness {unknown}
 B - a scroll of fog {unknown}
 F - a scroll of magic mapping {unknown}
Potions
 d - a potion of heal wounds {unknown}
 g - a potion of resistance {unknown}
 h - 4 potions of curing
 q - 3 potions of lignification {unknown}
 u - a potion of degeneration {unknown}
 w - 2 potions of haste {unknown}
 C - a potion of attraction {unknown}
Comestibles
 f - 6 removed foods
 s - 3 removed foods


   Skills:
 - Level 3.3 Fighting
 * Level 9.2 Maces & Flails
 + Level 7.5 Armour
 - Level 3.3 Shields


You had 7 spell levels left.
You didn't know any spells.
Your spell library contained the following spells:

 Spells                   Type           Power        Failure   Level
 Animate Dead             Necr           0%           100%        4
 Borgnjor's Vile Clutch   Necr/Erth      0%           100%        5
 Death Channel            Necr           0%           100%        6
 Simulacrum               Ice/Necr       0%           100%        6


Dungeon Overview and Level Annotations

Branches:
Dungeon (6/15)             Temple (0/1) D:6

Altars:
Ashenzari
Cheibriados
Fedhas
Hepliaklqana
Sif Muna
Vehumet
Xom
The Shining One

Annotations:
D:3 1 runed translucent door


Innate Abilities, Weirdness & Mutations

You are resistant to torment.
Your stone body is resilient. (AC +5)
You are immune to poison.
You resist negative energy. (rN+)
You are resistant to electric shocks. (rElec)
You can survive without breathing.
You are immune to petrification.
You are immune to miasma.


Message History

An orc wizard comes into view. It is wielding a +0 dagger.
The orc wizard shouts!
An orc comes into view. It is wielding a +0 mace.
The scorpion stings you but does no damage.
The orc shouts!
You hit the scorpion.
The scorpion is lightly wounded.
You block the scorpion's attack.
You closely miss the scorpion.
The scorpion is lightly wounded.
An orc warrior comes into view. It is wielding a +0 flail.
The scorpion barely misses you.
The orc warrior shouts!
You sock the scorpion!
You kill the scorpion!
The orc wizard gestures at you while chanting.
You are confused.
You are too confused!
You are too confused!
You're too confused to move!
You closely miss the orc wizard.
An orc priest comes into view. It is wielding a +0 club.
The orc wizard hits you but does no damage.
The orc priest shouts!
You hit the orc wizard but do no damage.
You bump into the stone wall.
The orc warrior hits you with a +0 flail!
The orc wizard hits you but does no damage.
You barely miss the orc wizard.
The orc warrior hits you with a +0 flail!
The orc wizard hits you but does no damage.
The orc hits you but does no damage.
You miss the orc wizard.
You feel less confused.
The orc warrior hits you with a +0 flail!
You closely miss the orc wizard. The orc hits you with a +0 mace.
* * * LOW HITPOINT WARNING * * *
The orc priest calls down the wrath of Beogh upon you.
Beogh smites you!
You die...

#.# #.# #.#
#.# ###.#
#...########
#.#.........
#.##.##.##.##
#.#..@o.....#
#...o†o......
#.#..⌠...⌠..#
#.#..o......#
# .....>.....
.#.........#
#.#.!⌠...⌠..#
# ...........
#.........


You could see an orc warrior, an orc priest, an orc wizard and an orc.

Vanquished Creatures
  Edmund (D:5)
  2 ice beasts
  4 ogres
  A kobold brigand (D:6)
  A bullfrog (D:6)
  3 scorpions
  The ghost of ahoss the Skirmisher, a weakling CeFi (D:3)
  A jelly (D:6)
  2 orc priests
  An orc wizard (D:3)
  An iguana (D:5)
  Ijyb (D:5)
  Terence (D:2)
  A worker ant (D:4)
  13 gnolls
  A howler monkey skeleton (D:4)
  10 adders
  2 river rats (D:3)
  A white imp (D:5)
  3 oozes
  An adder zombie (D:5)
  4 worms
  2 dart slugs
  4 leopard geckos
  13 orcs
  7 giant cockroaches
  7 goblins
  8 hobgoblins
  10 jackals
  10 kobolds
  6 quokkas
  A ball python (D:3)
  10 bats
  5 frilled lizards
  A quokka skeleton (D:5)
  9 rats
149 creatures vanquished.

Notes
Turn   | Place    | Note
-------+----------+-------------------------------------------
     0 | D:1      | HELP the Gargoyle Fighter began the quest for the Orb.
     0 | D:1      | Reached XP level 1. HP: 14/14 MP: 1/1
   154 | D:1      | Reached XP level 2. HP: 19/19 MP: 2/2
   296 | D:1      | Reached skill level 3 in Maces & Flails
   303 | D:1      | Reached XP level 3. HP: 23/23 MP: 3/3
   940 | D:2      | Reached XP level 4. HP: 28/28 MP: 4/4
  1194 | D:2      | Reached skill level 4 in Maces & Flails
  1371 | D:2      | Found a shimmering blue altar of Sif Muna.
  1400 | D:2      | Noticed Terence
  1423 | D:2      | Killed Terence
  1423 | D:2      | Reached XP level 5. HP: 23/32 MP: 5/5
  1757 | D:2      | Found a blossoming altar of Fedhas.
  1980 | D:3      | Reached skill level 5 in Maces & Flails
  2084 | D:3      | Found a faded altar of an unknown god.
  2104 | D:3      | Found a runed translucent door.
  2136 | D:3      | Reached XP level 6. HP: 33/37 MP: 6/6
  2186 | D:3      | Found a runed translucent door.
  2186 | D:3      | Noticed ahoss's ghost (weakling CeFi)
  2220 | D:3      | Killed ahoss's ghost
  2412 | D:3      | Reached skill level 5 in Armour
  2742 | D:4      | Reached skill level 6 in Maces & Flails
  2972 | D:4      | Reached XP level 7. HP: 37/41 MP: 7/7
  2992 | D:4      | quit
  3522 | D:4      | Found a radiant altar of Vehumet.
  3550 | D:4      | Upgraded the game from 0.25-a0-1136-gc1285e62ab to
                  | 0.27-a0-520-gb83adbd1c9
  3909 | D:4      | Reached skill level 7 in Maces & Flails
  4169 | D:4      | Found a hazy altar of Hepliaklqana.
  4170 | D:4      | Found a shimmering altar of Xom.
  4171 | D:4      | Noticed a spectral ugly thing
  4398 | D:5      | Entered Level 5 of the Dungeon
  4433 | D:5      | Reached XP level 8. HP: 34/46 MP: 8/8
  4528 | D:5      | Found a snail-covered altar of Cheibriados.
  4678 | D:5      | Found a glowing golden altar of the Shining One.
  4941 | D:5      | Noticed Edmund
  4951 | D:5      | Killed Edmund
  4952 | D:5      | Reached skill level 8 in Maces & Flails
  5137 | D:5      | Noticed Ijyb
  5168 | D:5      | Killed Ijyb
  5544 | D:6      | Found a broken altar of Ashenzari.
  5728 | D:6      | Reached skill level 9 in Maces & Flails
  5774 | D:6      | Found a staircase to the Ecumenical Temple.
  5789 | D:6      | Killed from afar by an orc priest

Illustrated notes

## .. ##+## .#
##...## .# #
##.....## .###.#
##.......## .....#
#.......@)####...##
+.....<...'.))....#
#.........####...##
##.......## ..##
##.....## .##
##...## .. ##+## ..
#.# .#


Turn 2992 on D:4: quit

Levels and vault maps discovered:
D:1:      psy_arrival_basics, layout_basic, minmay_statues_item
D:2:      wad_woods_tower, layout_basic, lemuel_doored_altar,
          old_standard_altar, uniq_terence
D:3:      layout_rooms, ebering_ghost_sewer_f,
          chequers_ecumenical_altar_simple_redux, serial_bayou_crossing
D:4:      layout_loops_corners, regret_index_temple_of_mockery,
          lemuel_crystal_altar
D:5:      layout_rooms, nicolae_tso_swordbearing_angel, serial_co_window_serial,
          co_window_of_opportunity_a, co_window_paths_b,
          co_window_of_opportunity_a, co_window_paths_a, co_window_paths_b,
          co_window_paths_c, co_window_2corner, co_window_of_opportunity_b,
          co_window_of_opportunity_b, co_window_of_opportunity_b,
          co_window_corner_b, co_window_broadway_c, co_window_4corner_a,
          glass_columns_b, basic_altar, uniq_edmund, uniq_ijyb
D:6:      minmay_bubble_buster, layout_basic, kennysheep_little_box,
          minmay_temple_entry_large_hall, uniq_eustachio

Skill      XL: |  1  2  3  4  5  6  7  8 |
---------------+-------------------------+-----
Maces & Flails | 3 4 5 6 7 9 |  9.2
Armour         | 4 5 6 7 |  7.5
Fighting       | |  3.3
Shields        | |  3.3

Action                   |  1- 3 |  4- 6 |  7- 9 || total
-------------------------+-------+-------+-------++-------
Melee: Flail             |   154 |   225 |   244 ||   623
Throw: Dart              |     2 |     2 |       ||     4
  Use: Potion            |       |       |     1 ||     1
  Eat: Removed food      |       |     7 |     2 ||     9
Armor: Scale mail        |    18 |       |       ||    18
       Chain mail        |    70 |   159 |   151 ||   380
Dodge: Dodged            |    36 |    80 |    95 ||   211
Block: Kite shield       |    72 |       |       ||    72
       Buckler           |    11 |    52 |    46 ||   109

Table legend: (Time is in decaauts)
 A = Elapsed time spent in this place.
 B = Non-inter-level travel time spent in this place.
 C = Inter-level travel time spent in this place.
 D = Time resting spent in this place.
 E = Time spent auto-exploring this place.
 F = Levels seen in this place.
 G = Mean time per level.
                   A        B        C        D        E       F      G
               +--------+--------+--------+--------+--------+-----+--------+
         Total |   5896 |   5783 |    113 |    382 |   3626 |   6 |  982.7 |
       Dungeon |   5896 |   5783 |    113 |    382 |   3626 |   6 |  982.7 |
               +--------+--------+--------+--------+--------+-----+--------+

Top non-repeatable levels by time:
     D:5: 1058 daAuts
     D:4: 852 daAuts
     D:6: 333 daAuts
Note: time per level data comes from an upgraded game and may be incomplete.
